 Dungeon Sprint DCSS version 0.27.1-33-g824d729ab1 (webtiles) character file.

Game seed: 4185715941108487020

12478 manyhoops the Earth Mage (level 11, -6/87 HPs)
             Began as a Demigod Earth Elementalist on Nov 25, 2021.
             Mangled by a lorocyproca (20 damage)
             ... in the Dungeon (Sprint I: "Red Sonja").
             The game lasted 00:17:56 (5038 turns).

manyhoops the Earth Mage (DgEE)                     Turns: 5038, Time: 00:17:57

Health: -6/87      AC:  5    Str:  8    XL:     11   Next: 36%
Magic:  29/34      EV: 12    Int: 25    God:
Gold:   18         SH:  0    Dex: 14    Spells: 15/38 levels left

rFire    + . .     SeeInvis .   l - +6 falchion of Terghaorph {drain, Will+ rCorr Str+3}
rCold    + . .     Faith    .   (no shield)
rNeg     . . .     Spirit   .   g - +0 robe {Will+}
rPois    .         Reflect  .   k - +0 helmet
rElec    .         Harm     .   r - scarf {rC+ rF+}
rCorr    +         Rampage  .   q - +1 pair of gloves
Will     +++..     Rnd*Rage +   n - +0 pair of boots Stlth ++........NoTele +
                                (no amulet)
HPRegen  0.24/turn              (no ring)
MPRegen  0.24/turn              (no ring)

@: unable to read
A: high mp 1, forlorn, berserk 2, deformed body, dopey 2, frail 1, weak 2,
subdued magic 1, inability to read while threatened
a: no special abilities


You were in the Dungeon.
You visited 1 branch You collected 1637 gold pieces.
You spent 1619 gold pieces at shops.

Inventory:

Hand Weapons
 j - the +8 hunting sling of Pepirghu {flame, rF++ rC- MP+9 Stlth+}
   (You found it in the Dungeon)

   Any ammunition fired from it burns those it strikes, dealing additional fire
   damage.
   rF:        It greatly protects you from fire.
   rC:        It makes you vulnerable to cold.
   MP:        It affects your magic capacity (+9).
   Stlth:     It makes you more stealthy.
 l - the +6 falchion of Terghaorph (weapon) {drain, Will+ rCorr Str+3}
   (You found it in the Dungeon)

   A truly terrible weapon, it drains the life of any living foe it strikes.
   Str:       It affects your strength (+3).
   rCorr:     It protects you from acid and corrosion.
   Will:      It increases your willpower.
Missiles
 i - 13 stones
 m - 2 curare-tipped darts
 t - 18 poisoned darts
Armour
 g - a +0 robe of willpower (worn)
 k - a +0 helmet (worn)
 n - a +0 pair of boots (worn)
 o - a scarf of invisibility
 q - a +1 pair of gloves (worn)
 r - a scarf of resistance (worn)
Wands
 a - a wand of polymorph (2)
 e - a wand of flame (42)
Scrolls
 b - a scroll of fear {unknown}
 h - a scroll of blinking
 p - a scroll of magic mapping {unknown}
 s - a scroll of fog
 v - a scroll of torment {unknown}
 y - a scroll of identify {unknown}
Potions
 c - 3 potions of curing
 u - a potion of lignification {unknown}
 w - a potion of flight
 x - a potion of degeneration {unknown}


   Skills:
 - Level 9.3 Fighting
 - Level 1.7 Dodging
 - Level 1.7 Stealth
 - Level 14.3 Spellcasting
 + Level 8.8 Conjurations
 - Level 0.8 Transmutations
 + Level 17.2 Earth Magic


You had 15 spell levels left.
You knew the following spells:

 Your Spells              Type           Power      Damage    Failure   Level
a - Sandblast             Erth           100%       2d20      0%          1
b - Passwall              Tmut/Erth      40%        N/A       1%          2
c - Stone Arrow           Conj/Erth      100%       3d13      1%          3
d - Petrify               Tmut/Erth      48%        N/A       1%          4
e - Blink                 Tloc           N/A        N/A       3%          2
f - Iron Shot             Conj/Erth      29%        9d6       1%          6
g - Lee's Rapid Deconstr  Erth           34%        3d18*     1%          5

Your spell library contained the following spells:

 Spells                   Type           Power      Damage    Failure   Level
 Animate Armour           Summ/Erth      92%        N/A       1%          4
 Fulminant Prism          Conj/Hex       15%        3d11      3%          4
 Iskenderun's Mystic Bla  Conj/Tloc      30%        2d8       3%          4
 Blade Hands              Tmut           8%         N/A       47%         5
 Manifold Assault         Tloc           13%        N/A       61%         5
 Storm Form               Tmut/Air       7%         N/A       100%        7


Dungeon Overview and Level Annotations

Branches:
Dungeon (1/1)

Shops:
D (?[[*:**[[:=[[*=:![[*


Innate Abilities, Weirdness & Mutations

Your attributes grow dramatically as you level up.
You have an increased reservoir of magic. (+10% MP)
You shall have no god before yourself.
You often lose your temper in combat.
Armour fits poorly on your strangely shaped body.
You are very dopey. (Int -4)
You are frail. (-10% HP)
You are very weak. (Str -4)
Your spells are a little easier to cast, but a little less powerful.
You sometimes lose the ability to read scrolls when taking damage.


Message History

You are more confused.
You feel less confused.
You are engulfed in noxious fumes.
You choke on the stench!
You are confused.
You bump into the closed door.
You are engulfed in noxious fumes.
You choke on the stench!
You are more confused.
You are engulfed in noxious fumes.
You choke on the stench!
You are more confused.
You are engulfed in noxious fumes.
You choke on the stench!
You are more confused.
You feel less confused.
You open the door.
You hear a chilling moan.
There is an open door, spattered with blood here.
Something hits you!!
You feel your power leaking away.
Deactivating autopickup; reactivate with Ctrl-A.
There is an open door here.
Casting: Iron Shot (dangerous; 1% risk of failure)
Confirm with . or Enter, or press ? or * to list all spells.
Aiming: Iron Shot (dangerous; 1% risk of failure)
Press: ? - help, Shift-Dir - straight line The iron shot hits something!!
Something hits you!!
You feel threatened and lose the ability to read scrolls!
You feel your power leaking away.
Unknown command.
Casting: Iron Shot (dangerous; 1% risk of failure)
Confirm with . or Enter, or press ? or * to list all spells.
Aiming: Iron Shot (dangerous; 1% risk of failure)
Press: ? - help, Shift-Dir - straight line The iron shot hits something!!
Something hits you!
* * * LOW HITPOINT WARNING * * *
You feel your power leaking away.
Unknown command.
You feel much better. Something hits you!
You feel much better. Something hits you!!
* * * LOW HITPOINT WARNING * * *
Magic courses through your body. Something hits you!!
You die...

################################
#..'..#__#..'.).#.[#.§§§'...§§§+
').#..'..'..#).§##§#§####...§§##
#####'#__####...@§§#§# ##§§.##
#...#.####§.#####{§'.# #$###§#
#..##§#§≈§§.#§.##§####^.$#y#.#
##'#§§'§§§§§§.§#..°..#..$###..###
.'..._#§§§§§#.§#§○○○°°..$$$##.#A#
##_.#§##§#####'###..^#^....# .###
###'#.#.[))###.'.#^..###++## ##..
###)####'###)###.#^^## +#
.'...'.....'.∩##.#^.#


There were no monsters in sight!

Vanquished Creatures
  2 centaur warriors (D)
  A deep troll (D)
  A lindwurm (D)
  An oklob plant (D)
  8 shining eyes (D)
  A gargoyle (D)
  4 demonic crawlers (D)
  2 unseen horrors (D)
  2 kobold demonologists (D)
  A hornet (D)
  A slime creature (D)
  Sigmund (D)
  2 redbacks (D)
  2 yaks (D)
  13 hogs (D)
  6 floating eyes (D)
  An ogre (D)
  7 necrophages (D)
  8 jellies (D)
  Ijyb (D)
65 creatures vanquished.

Vanquished Creatures (others)
  A gargoyle (D)
  2 ballistomycete spores (D)
3 creatures vanquished.

Grand Total: 68 creatures vanquished

Notes
Turn   | Place    | Note
-------+----------+-------------------------------------------
     0 | D        | manyhoops the Demigod Earth Elementalist began the quest
                  | for the Orb.
     0 | D        | Reached XP level 1. HP: 14/14 MP: 5/5
     1 | D        | Noticed Ijyb
    13 | D        | Killed Ijyb
    14 | D        | Reached skill level 6 in Earth Magic
    14 | D        | Reached XP level 2. HP: 3/20 MP: 5/7
   313 | D        | Noticed an ogre
   316 | D        | Killed an ogre
   317 | D        | Reached skill level 9 in Earth Magic
   317 | D        | Reached XP level 3. HP: 26/26 MP: 4/8
   317 | D        | Reached XP level 4. HP: 33/33 MP: 4/9
   463 | D        | Learned a level 2 spell: Passwall
   467 | D        | Learned a level 3 spell: Stone Arrow
   472 | D        | Noticed Sigmund
   477 | D        | Killed Sigmund
   478 | D        | Reached skill level 11 in Earth Magic
   478 | D        | Reached XP level 5. HP: 38/38 MP: 2/10
   577 | D        | Found Pyothru's Armour Emporium.
   577 | D        | Noticed a yak
   583 | D        | Killed a yak
   584 | D        | Reached XP level 6. HP: 18/58 MP: 7/11
   791 | D        | Bought a +0 pair of gloves for 45 gold pieces
   791 | D        | Bought a +0 helmet for 45 gold pieces
   939 | D        | Noticed a slime creature
   943 | D        | Killed a slime creature
   944 | D        | Reached skill level 1 in Conjurations
   944 | D        | Reached skill level 12 in Earth Magic
   944 | D        | Reached XP level 7. HP: 66/66 MP: 1/12
  1152 | D        | Identified the +6 falchion of Terghaorph {drain, Will+
                  | rCorr Str+3}
  1164 | D        | Noticed a centaur warrior
  1167 | D        | Noticed Sonja
  1169 | D        | Noticed Sonja
  1169 | D        | Sonja changed into Sonja the yak
  1173 | D        | Killed Sonja the yak
  1382 | D        | Found Wuise's Weapon Boutique.
  1411 | D        | Learned a level 4 spell: Petrify
  1416 | D        | Noticed a deep troll
  1422 | D        | Killed a deep troll
  1423 | D        | Reached XP level 8. HP: 24/73 MP: 1/24
  1672 | D        | Found Garotich's Armour Emporium.
  1677 | D        | Bought a +1 pair of gloves for 161 gold pieces
  1725 | D        | Noticed a centaur warrior
  1730 | D        | Killed a centaur warrior
  1731 | D        | Reached skill level 13 in Earth Magic
  1733 | D        | Killed a centaur warrior
  1734 | D        | Reached skill level 5 in Conjurations
  1734 | D        | Reached skill level 14 in Earth Magic
  1734 | D        | Reached XP level 9. HP: 47/79 MP: 4/25
  1889 | D        | Reached skill level 15 in Earth Magic
  2029 | D        | Noticed an oklob plant
  2032 | D        | Killed an oklob plant
  2137 | D        | Killed a gargoyle
  2834 | D        | Reached skill level 16 in Earth Magic
  3136 | D        | Killed an unseen horror
  3195 | D        | Killed an unseen horror
  3260 | D        | Found Xeytric's Distillery.
  3260 | D        | Found Amazxaul's Armour Emporium.
  3265 | D        | Reached XP level 10. HP: 90/90 MP: 19/26
  3273 | D        | Found Ratyokho's Assorted Antiques.
  3296 | D        | Identified the +8 hunting sling of Pepirghu {flame, rF++
                  | rC- MP+9 Stlth+}
  3300 | D        | Learned a level 2 spell: Blink
  3319 | D        | Found Banarosu's General Store.
  3319 | D        | Found Ymeqic's General Store.
  3319 | D        | Found Qashrewk's Antique Armour Boutique.
  3321 | D        | Found Ela Xima's Antique Armour Emporium.
  3321 | D        | Found Caerphelig's Book Shop.
  3321 | D        | Found Akuotim's Jewellery Shoppe.
  3321 | D        | Found Niyfir's Antique Armour Boutique.
  3321 | D        | Found Jeoduq's Antique Armour Emporium.
  3321 | D        | Found Viupn's Assorted Antiques.
  3321 | D        | Found Xuiq's Jewellery Shoppe.
  3323 | D        | Bought a potion of magic for 80 gold pieces
  3325 | D        | Bought a scarf of resistance for 320 gold pieces
  3337 | D        | Found Akkikag's Book Boutique.
  3339 | D        | Bought a book of Iron for 432 gold pieces
  3339 | D        | Bought a book of Blasting for 384 gold pieces
  3346 | D        | Learned a level 6 spell: Iron Shot
  3352 | D        | Learned a level 5 spell: Lee's Rapid Deconstruction
  3564 | D        | Reached skill level 17 in Earth Magic
  3868 | D        | Noticed a lindwurm
  3872 | D        | Killed a lindwurm
  3937 | D        | Reached skill level 10 in Spellcasting
  4141 | D        | Noticed a daeva
  4365 | D        | Noticed a shining eye
  4365 | D        | Noticed a shining eye
  4365 | D        | Noticed a shining eye
  4372 | D        | Paralysed by a floating eye for 4 turns
  4377 | D        | Gained mutation: You are weak. (Str -2) [a shining eye]
  4378 | D        | Killed a shining eye
  4379 | D        | Reached XP level 11. HP: 97/97 MP: 16/31
  4448 | D        | Gained mutation: You are frail. (-10% HP) [a shining eye]
  4485 | D        | Gained mutation: You are dopey. (Int -2) [a shining eye]
  4490 | D        | Gained mutation: Armour fits poorly on your strangely
                  | shaped body. [a shining eye]
  4591 | D        | Gained mutation: Your spells are a little easier to cast,
                  | but a little less powerful. [a shining eye]
  4592 | D        | Gained mutation: You sometimes lose the ability to read
                  | scrolls when taking damage. [a shining eye]
  4595 | D        | Paralysed by a floating eye for 2 turns
  4722 | D        | Gained mutation: You are very dopey. (Int -4) [a shining
                  | eye]
  4723 | D        | Gained mutation: You tend to lose your temper in combat. [a
                  | shining eye]
  4724 | D        | Gained mutation: You are very weak. (Str -4) [a shining
                  | eye]
  4725 | D        | Gained mutation: You often lose your temper in combat. [a
                  | shining eye]
  4829 | D        | Found Ydduam's Magic Scroll Shoppe.
  4829 | D        | Found Foheesang's Assorted Antiques.
  4829 | D        | Found Ozxol's Antique Armour Emporium.
  4829 | D        | Found Feje's Book Boutique.
  4915 | D        | Bought a scroll labelled USIODW TO BOAFA for 25 gold pieces
  4915 | D        | Bought a golden potion for 22 gold pieces
  4915 | D        | Bought a scroll labelled KOTEEN NILOTIE for 25 gold pieces
  4915 | D        | Bought a bubbling grey potion for 22 gold pieces
  4915 | D        | Bought a fuming blue potion for 22 gold pieces
  4919 | D        | Bought a bubbling grey potion for 17 gold pieces
  4919 | D        | Bought a scroll labelled MONKODUE COREGH for 19 gold pieces
  5038 | D        | Mangled by a lorocyproca

Illustrated notes

Levels and vault maps discovered:
D:        dungeon_sprint_1 [red_sonja_temple_1, red_sonja_temple_small_1]

Skill      XL: |  1  2  3  4  5  6  7  8  9 10 11 |
---------------+----------------------------------+-----
Earth Magic    | 6 9 11 12 14 16 17 | 17.2
Fighting       | 6 7 8 9 |  9.3
Conjurations   | 1 5 7 8 |  8.8
Spellcasting   | 8 12 14 | 14.3
Dodging        | |  1.7
Stealth        | |  1.7
Transmutations | |  0.8

Action                   |  1- 3 |  4- 6 |  7- 9 | 10-12 || total
-------------------------+-------+-------+-------+-------++-------
Melee: Unarmed           |     8 |       |       |       ||     8
       Falchion          |       |       |       |     4 ||     4
 Cast: Sandblast         |     4 |     7 |     7 |    29 ||    47
       Stone Arrow       |       |     8 |    42 |    24 ||    74
       Iron Shot         |       |       |       |    21 ||    21
       Lee's Rapid Decon |       |       |       |     5 ||     5
Evoke: Wand              |       |       |     2 |       ||     2
  Use: Potion            |     2 |     1 |       |     6 ||     9
       Scroll            |       |       |       |     1 ||     1
Armor: Robe              |       |       |    10 |     8 ||    18
Dodge: Dodged            |     1 |     4 |     5 |    30 ||    40
       Rpst.: Falchion   |       |       |       |     3 ||     3
